 Dungeon Crawl Stone Soup version 0.22-a0-558-gc224181 (webtiles) character file.

620 inc the Cudgeler (level 7, 0/72 HPs)
             Began as an Ogre Hunter on June 27, 2018.
             Succumbed to a killer bee's poison
             ... on level 4 of the Dungeon.
             The game lasted 00:06:24 (4737 turns).

inc the Cudgeler (Ogre Hunter)                      Turns: 4737, Time: 00:06:25

Health: 0/72       AC:  3    Str: 19    XL:     7   Next: 46%
Magic:  7/7        EV: 10    Int: 12    God:
Gold:   222        SH:  0    Dex:  9    Spells: 6/6 levels left

rFire    . . .     SeeInvis .   s - +3 flail (holy)
rCold    . . .     Gourm    .   (no shield)
rNeg     . . .     Faith    .   b - +0 robe
rPois    .         Spirit   .   (helmet restricted)
rElec    .         Reflect  .   (no cloak)
rCorr    .         Harm     .   (gloves unavailable)
MR       .....                  (boots unavailable)
Stlth    +.........             (no amulet)
HPRegen  0.22/turn              (no ring)
MPRegen  0.10/turn              (no ring)

@: lethally poisoned (0 -> -9)
A: large, unfitting armour, tough skin 1
a: no special abilities


You were on level 4 of the Dungeon.
You were not hungry.

You visited 1 branch of the dungeon, and saw 4 of its levels.

You collected 222 gold pieces.

Inventory:

Hand Weapons
 a - a +0 short sword
 f - a +0 giant spiked club
 l - a +3 whip of holy wrath
 r - a +1 mace of protection
 s - a +3 flail of holy wrath (weapon)
Missiles
 c - 3 large rocks (quivered)
 d - 2 throwing nets
Armour
 b - a +0 robe (worn)
Jewellery
 h - an uncursed ring of ice
Scrolls
 e - 3 scrolls of teleportation {unknown}
 g - 2 scrolls of random uselessness {unknown}
 i - 2 scrolls of blinking {unknown}
 n - a scroll of immolation {unknown}
 p - 2 scrolls of identify
 q - 2 scrolls of remove curse {unknown}
Potions
 j - a potion of haste
 k - 2 potions of curing
 m - 2 potions of lignification
 o - a potion of flight
Comestibles
 t - 2 chunks of flesh
 u - a ration


   Skills:
 - Level 5.2 Fighting
 + Level 6.2 Maces & Flails
 - Level 4.0 Throwing
 - Level 1.7 Dodging
 - Level 0.6 Stealth


You had 6 spell levels left.
You didn't know any spells.
Your spell library was empty.

Dungeon Overview and Level Annotations

Branches:
Dungeon (4/15)
 Temple: D:4-7

Altars:
Ashenzari
Elyvilon
Fedhas
Gozag
Hepliaklqana
Kikubaaqudgha
Trog
Vehumet


Innate Abilities, Weirdness & Mutations

You are too large for most types of armour.
You have tough skin. (AC +1)


Message History

You hear a shout!
You hear an angry buzzing noise.
The killer bee closely misses you. The killer bee stings you. x2
You are more poisoned.
The killer bee poisons you!
You hear an angry buzzing noise. x2; You hear an angry hiss.
You hear an angry buzzing noise.
Throwing (i - inventory. (/) - cycle)
c - 4 large rocks (quivered)
Press: ? - help, Shift-Dir - straight line, f/p - killer bee
Aim: a killer bee (lightly wounded)
You throw a large rock.
The large rock barely misses the killer bee.
You feel sick.
The killer bee stings you but does no damage.
The killer bee stings you.
An ogre comes into view. It is wielding a giant club.
The killer bee closely misses you. The ogre hits you with a giant club!!
* * * LOW HITPOINT WARNING * * *
The killer bee misses you.
Okay, then.
You die...

####.##..# #......
#.....#..########.#####
#......).)[.......#
......#..##########
#..>.....##
#.<...###>##### .####.
#.....# #.#.###.###.#
#O#@..## #.####
##y######. #.o(......
#..o..######## ...#..(
. ###. y. #.


There were no monsters in sight!

Vanquished Creatures
  Edmund (D:4)
  An ogre (D:4)
  A gnoll sergeant (D:3)
  A killer bee (D:3)
  An orc priest (D:3)
  Jessica (D:3)
  Robin (D:3)
  9 gnolls (D:3)
  6 adders
  An ooze (D:1)
  2 worms (D:2)
  3 leopard geckos
  16 orcs
  4 giant cockroaches
  18 goblins
  8 hobgoblins
  2 quokkas
  A ball python (D:2)
  3 bats
  7 frilled lizards
  A jackal skeleton (D:4)
  3 kobolds
  5 rats
  2 fungi (D:3)
98 creatures vanquished.

Notes
Turn   | Place    | Note
-------+----------+-------------------------------------------
     0 | D:1      | inc the Ogre Hunter began the quest for the Orb.
     0 | D:1      | Reached XP level 1. HP: 22/22 MP: 1/1
   210 | D:1      | Reached XP level 2. HP: 23/32 MP: 2/2
   700 | D:2      | Found an ancient bone altar of Kikubaaqudgha.
   719 | D:2      | Found an opulent altar of Gozag.
   936 | D:2      | Reached XP level 3. HP: 30/40 MP: 3/3
  1106 | D:2      | Found a shattered altar of Ashenzari.
  1113 | D:2      | Reached skill level 5 in Fighting
  1170 | D:2      | Found a bloodstained altar of Trog.
  1173 | D:2      | Found a white marble altar of Elyvilon.
  1205 | D:2      | Found a hazy altar of Hepliaklqana.
  1729 | D:2      | Reached XP level 4. HP: 50/50 MP: 4/4
  1805 | D:2      | Reached skill level 1 in Maces & Flails
  1955 | D:2      | Found a blossoming altar of Fedhas.
  2078 | D:3      | Noticed Jessica
  2088 | D:3      | Killed Jessica
  2238 | D:3      | Reached skill level 2 in Maces & Flails
  2245 | D:3      | Reached XP level 5. HP: 32/57 MP: 5/5
  2490 | D:3      | Reached skill level 3 in Maces & Flails
  2805 | D:3      | Found a radiant altar of Vehumet.
  2873 | D:3      | Noticed Robin
  2892 | D:3      | Killed Robin
  3554 | D:3      | Reached skill level 4 in Maces & Flails
  3554 | D:3      | Reached XP level 6. HP: 66/66 MP: 6/6
  4406 | D:3      | Reached skill level 5 in Maces & Flails
  4443 | D:4      | Reached XP level 7. HP: 72/72 MP: 7/7
  4479 | D:4      | Noticed Edmund
  4498 | D:4      | Killed Edmund
  4498 | D:4      | Reached skill level 6 in Maces & Flails
  4736 | D:4      | HP: 2/72 [ogre/giant club (20)]
  4737 | D:4      | Succumbed to a killer bee's poison

Vault maps used:
D:1:      roderic_dead_forest
D:2:      grunt_temple_overflow_growth_and_decay,
          grunt_temple_overflow_cloverleaf, grunt_gozag_breadcrumbs,
          roderic_roman_lattice
D:3:      old_standard_altar, st_stairs_8, minmay_gold_behind_fungi, uniq_robin,
          uniq_jessica
D:4:      temple_green, first_ration, uniq_edmund, uniq_eustachio

Skill      XL: |  1  2  3  4  5  6  7 |
---------------+----------------------+-----
Fighting       | 3 4 5 |  5.2
Maces & Flails | 2 4 5 6 |  6.2
Throwing       | |  4.0
Dodging        | |  1.7
Stealth        | |  0.6

Action                   |  1- 3 |  4- 6 |  7- 9 || total
-------------------------+-------+-------+-------++-------
Melee: Short sword       |   112 |       |       ||   112
       Whip              |    20 |   141 |       ||   161
       Mace              |       |    81 |    19 ||   100
       Flail             |       |       |    23 ||    23
Throw: Large rock        |     2 |    17 |     5 ||    24
  Use: Scroll            |       |     2 |       ||     2
       Potion            |       |     2 |       ||     2
 Stab: Sleeping          |     2 |       |       ||     2
  Eat: Chunk             |     3 |     5 |     1 ||     9
       Ration            |       |     1 |       ||     1
Armor: Robe              |    31 |    63 |     7 ||   101
Dodge: Dodged            |    78 |   133 |    23 ||   234

Table legend:
 A = Spawn XP
 B = Non-spawn XP
 C = Spawn XP percentage of total XP
 D = Spawn monster count
 E = Non-spawn monster count
 F = Spawn count percentage of total count
 G = Total turns spent on level
                    A         B        C        D         E        F      G
               +---------+---------+-------+---------+---------+-------+---------
         Total |       0 |     886 |   0.0 |       0 |      96 |   0.0 |  4737
               +---------+---------+-------+---------+---------+-------+---------
           D:1 |       0 |      23 |   0.0 |       0 |      11 |   0.0 |   677
           D:2 |       0 |      78 |   0.0 |       0 |      30 |   0.0 |  1968
           D:3 |       0 |     464 |   0.0 |       0 |      42 |   0.0 |  1772
           D:4 |       0 |     321 |   0.0 |       0 |      13 |   0.0 |   320
               +---------+---------+-------+---------+---------+-------+---------
